Description

  • Proxy 2 robos
  • Make a stalker out of the gateway and rally it across the map for anti air (deal with reaper first if needed) Chrono the first stalker
  • Dump 2 chronos into the SAME robo (so prism is out asap)
  • When putting on gas put 2 in each as they come up and then rally in a 3rd probe to each as the probes build
  • Stop probe production after making the 2 robos, resume around when making warpgate
  • The build markers you need to transition out of the proxy double robo into disruptors, but sometimes you will just kill them with immortals and stalkers. If you don’t finish them with disruptors you add a forge/twilight, upgrade blink, and +1 weapons and try to finish them with a big 2 base timing involving blink + balls.

*Build order: * 14 Pylon
15 Gateway
16 Assimilator
17 Assimilator
20 Cybernetics Core
21 Pylon
23 Stalker (1x chrono) (stop probes)
25 Robotics Facility
25 Robotics Facility
25 Stalker
27 Pylon
27 Immortal (chrono)
31 Immortal
35 Warp Prism (chrono, same robo as first chrono)
(resume probes) 37 Warp Gate
37 Pylon
37 Observer
38 Nexus 38 Immortal 42 Robotics bay 42 pylon 45 Disruptor x2 (@100% robotics bay) 52 Pylon 52 assimilator x2 54 Disruptor x2

T-bag Transition

  • You can play this off the double robo proxy - just stop at 2-4 immortals
  • Expand right after prism and 2-4 immortals
  • Robo bay at home
  • Probe up and pump 4 disruptors then go into collossi
  • Steadily add gateways for completely non upgraded stalkers to support

VOD

https://youtu.be/7kT_krA9rw4

Replay - Proxy Double Robo into T-bag

Build Order

Get SALT Encoding   

  12  0:02  Probe  
  14  0:14  Probe  
  14  0:20  Pylon  
  14  0:26  Probe  
  15  0:34  Probe  
  15  0:40  Gateway  
  16  0:43  Probe  
  17  0:55  Probe  
  17  0:57  Assimilator  
  18  1:07  Probe  
  18  1:09  Assimilator  
  19  1:19  Probe  
  20  1:28  Cybernetics Core  
  20  1:31  Probe  
  21  1:36  Zealot  
  21  1:39  Pylon  
  23  1:54  Pylon  
  23  1:57  Probe  
  26  2:15  Robotics Facility x2  
  24  2:18  Stalker  
  27  2:29  Pylon  
  26  2:55  Immortal  
  28  3:17  Immortal  
  30  3:22  Warp Prism  
  34  3:57  Robotics Bay  
  35  4:37  Warp Prism  
  37  4:41  Disruptor  
  38  4:53  Nexus  
  38  4:54  Stalker  
  38  4:55  Warp Gate  
  33  5:10  Assimilator  
  33  5:13  Observer  
  34  5:17  Disruptor  
  37  5:27  Gateway  
  38  5:31  Pylon  
  36  5:55  Disruptor  
  40  6:05  Disruptor  
  40  6:25  Stalker  
  39  6:53  Robotics Facility  
  41  7:01  Robotics Facility  
  45  7:25  Assimilator, Gateway  
  45  7:29  Stalker  
  49  7:49  Disruptor  
  43  7:59  Disruptor  
  52  8:20  Stalker x2  
  52  8:26  Observer  
  60  8:40  Disruptor  
  63  8:46  Disruptor  
  66  8:54  Nexus  
  68  9:39  Extended Thermal Lance  
  68  9:41  Disruptor x2  
  65  9:52  Forge  
  67  9:54  Twilight Council  
Spawning Tool Build Advisor. Get it on Overwolf

Go to:

Details

  • Created by: PiG      
  • Published on: Aug 11, 2019
  • Modified on: Aug 11, 2019
  • Patch: 4.7.1
Show
View Real Time Build Order
Export as new Build Order

Comments (0)

There are no comments. Be the first!

Create an account to comment!